 Dungeon Crawl Stone Soup version 0.27-a0-901-g8736458e1e (webtiles) character file.

Game seed: 5793643000425263279

5139 cdbjvbs the Geomancer (level 10, -5/58 HPs)
             Began as a Gargoyle Earth Elementalist on Apr 6, 2021.
             Was a Follower of Vehumet.
             Hit by a large rock thrown by a cyclops (25 damage)
             ... on level 9 of the Dungeon.
             The game lasted 00:18:34 (9052 turns).

cdbjvbs the Geomancer (Gargoyle Earth Elementalist) Turns: 9052, Time: 00:18:34

Health: -5/58      AC: 17    Str: 16    XL:     10   Next: 58%
Magic:  14/20      EV: 16    Int: 18    God:    Vehumet [*.....]
Gold:   315        SH:  0    Dex: 10    Spells: 14/23 levels left

rFire    . . .     SeeInvis .   d - +3 dagger (holy)
rCold    . . .     Faith    .   (no shield)
rNeg     + . .     Spirit   .   c - +0 robe
rPois    ∞         Reflect  .   k - +0 helmet
rElec    +         Harm     .   i - +2 cloak
rCorr    .         Rampage  .   h - +1 pair of gloves
Will     +....                  o - +0 pair of boots
Stlth    ++........             b - amulet of magic regeneration
HPRegen  0.19/turn              p - ring of Huqaer {Will+ EV+4 Str+3}
MPRegen  0.42/turn              (no ring)

@: no status effects
A: AC +7, negative energy resistance 1, electricity resistance, torment
resistance 1, unbreathing 1, petrification resistance
a: Renounce Religion


You were on level 9 of the Dungeon.
You worshipped Vehumet.
Vehumet was aware of your devotion.
You visited 2 branches of the dungeon, and saw 10 of its levels.

You collected 315 gold pieces.

Inventory:

Hand Weapons
 d - a +3 dagger of holy wrath (weapon)
 e - a +0 mace
 f - a +2 flail of protection
 l - a +0 morningstar of distortion
 m - a +0 flail
Armour
 c - a +0 robe (worn)
 h - a +1 pair of gloves (worn)
 i - a +2 cloak (worn)
 k - a +0 helmet (worn)
 o - a +0 pair of boots (worn)
Jewellery
 b - an amulet of magic regeneration (around neck)
 p - the ring of Huqaer (left hand) {Will+ EV+4 Str+3}
   (You found it on level 6 of the Dungeon)

   [ring of evasion]

   It affects your evasion (+4).
   It affects your strength (+3).
   It increases your willpower.
Wands
 s - a wand of iceblast (8)
Potions
 a - a potion of attraction
 g - a potion of cancellation
 j - a potion of might
 n - 3 potions of flight
 r - 2 potions of resistance
Miscellaneous
 q - a lightning rod (4/4)


   Skills:
 + Level 4.6 Fighting
 + Level 4.3 Maces & Flails
 + Level 4.7 Armour
 + Level 4.0 Dodging
 - Level 2.1 Stealth
 + Level 7.0 Spellcasting
 + Level 7.4 Conjurations
 - Level 0.7 Transmutations
 + Level 9.5 Earth Magic


You had 14 spell levels left.
You knew the following spells:

 Your Spells              Type           Power      Damage    Failure   Level
a - Sandblast             Erth           80%        2d17      1%          1
b - Stone Arrow           Conj/Erth      72%        3d11      1%          3
c - Lee's Rapid Deconstr  Erth           20%        3d13*     6%          5

Your spell library contained the following spells:

 Spells                   Type           Power      Damage    Failure   Level
 Magic Dart               Conj           100%       1d8       1%          1
 Passwall                 Tmut/Erth      20%        N/A       1%          2
 Shock                    Conj/Air       76%        1d7       2%          1
 Static Discharge         Conj/Air       19%        N/A       7%          3
 Animate Skeleton         Necr           12%        N/A       11%         1
 Apportation              Tloc           12%        N/A       11%         1
 Corona                   Hex            6%         N/A       11%         1
 Summon Small Mammal      Summ           24%        N/A       11%         1
 Petrify                  Tmut/Erth      24%        N/A       13%         4
 Swiftness                Air            6%         N/A       16%         2
 Lightning Bolt           Conj/Air       9%         1d22      54%         5
 Airstrike                Air            3%         N/A       71%         4


Dungeon Overview and Level Annotations

Branches:
Dungeon (9/15)             Temple (1/1) D:6
   Lair: D:8-11         Orc: D:9-12

Altars:
Ashenzari
Cheibriados
Dithmenos
Elyvilon
Fedhas
Gozag
Hepliaklqana
Kikubaaqudgha
Makhleb
Nemelex Xobeh
Okawaru
Qazlal
Ru
Sif Muna
Trog
Vehumet
Xom
Yredelemnul
Zin


Innate Abilities, Weirdness & Mutations

Your stone body is resilient. (AC +7)
You are immune to poison.
You resist negative energy. (rN+)
You are resistant to electric shocks. (rElec)
You are resistant to unholy torment.
You can survive without breathing.
You are immune to petrification.


Message History

Vehumet accepts your kill.
Your Dodging skill increases to level 4!
Casting: Stone Arrow (safe; 1% risk of failure)
Confirm with . or Enter, or press ? or * to list all spells.
You can't see any susceptible monsters within range! (Use Z to cast anyway.)
You start resting.
Magic restored.
There is an open door here.
As you open the door, it creaks loudly!
A cyclops comes into view.
The cyclops throws a large rock.
The large rock hits you!!!
Ouch! That really hurt!
Casting: Stone Arrow (safe; 1% risk of failure)
Confirm with . or Enter, or press ? or * to list all spells.
You don't know that spell.
Unknown command.
Unknown command.
Casting: Stone Arrow (safe; 1% risk of failure)
Confirm with . or Enter, or press ? or * to list all spells.
Okay, then.
Okay, then.
Unknown command.
Casting: Stone Arrow (safe; 1% risk of failure)
Confirm with . or Enter, or press ? or * to list all spells.
Aiming: Stone Arrow (safe; 1% risk of failure)
Press: ? - help, Shift-Dir - straight line, f - cyclops
Aim: a cyclops, quivering large rocks (2% to evade)
The stone arrow hits the cyclops!!
The cyclops is moderately wounded.
Unknown command.
Unknown command.
Casting: Stone Arrow (safe; 1% risk of failure)
Confirm with . or Enter, or press ? or * to list all spells.
Aiming: Stone Arrow (safe; 1% risk of failure)
Press: ? - help, Shift-Dir - straight line, f/p - cyclops
Aim: a cyclops, quivering large rocks (moderately wounded, 2% to evade)
The stone arrow hits the cyclops!!
The cyclops is almost dead.
The cyclops throws a large rock.
The large rock hits you!!
You die...

#.....+..........
#.....#..........
#.....#..........
#.....#+####...##
##'##.....###.....
#8.8#...).#......P #
#8.8#####.#.......
#.#.#8.8#.#.#.'.......
#C.'@..'..##.#.......
#...##8##...#.#.##....
#+# ### ##+###.#.....
..# .... #... .P..
#... ... #..#


You could see a cyclops.

Vanquished Creatures
  A two-headed ogre (D:9)
  Maggie (D:6)
  5 yaks
  A wraith (D:9)
  A wyvern (D:9)
  A steam dragon (D:8)
  Menkaure (D:7)
  3 water moccasins (D:9)
  2 ice beasts
  A sky beast (D:7)
  A necrophage (D:4)
  4 black bears (D:9)
  2 ogres
  2 kobold brigands
  A bullfrog (D:9)
  A wyvern zombie (D:9)
  A water moccasin zombie (D:5)
  3 scorpions
  A wyvern skeleton (D:5)
  A water moccasin skeleton (D:4)
  3 centaur zombies
  A hound (D:5)
  4 jellies
  A bullfrog skeleton (D:6)
  Crazy Yiuf (D:3)
  3 centaur skeletons
  A gnoll shaman (D:7)
  2 orc priests
  2 bullfrog zombies
  Jessica (D:2)
  2 iguanas (D:5)
  Terence (D:3)
  10 orc wizards
  A killer bee zombie (D:8)
  A howler monkey zombie (D:9)
  5 gnolls (D:7)
  A howler monkey skeleton (D:7)
  9 adders
  A white imp (D:7)
  2 ufetubi (D:7)
  An adder zombie (D:5)
  A worm (D:2)
  3 dart slugs
  20 orcs
  3 bats
  6 endoplasms
  2 giant cockroaches
  8 goblins
  11 hobgoblins
  6 jackals
  13 kobolds
  4 quokkas
  11 ball pythons
  3 frilled lizards (D:2)
  A quokka skeleton (D:4)
  6 rats
185 creatures vanquished.

Vanquished Creatures (others)
  56 fungi (D:9)
  40 plants (D:9)
96 creatures vanquished.

Grand Total: 281 creatures vanquished

Notes
Turn   | Place    | Note
-------+----------+-------------------------------------------
     0 | D:1      | cdbjvbs the Gargoyle Earth Elementalist began the quest for
                  | the Orb.
     0 | D:1      | Reached XP level 1. HP: 10/10 MP: 3/3
    79 | D:1      | Reached skill level 4 in Earth Magic
    79 | D:1      | Reached XP level 2. HP: 5/15 MP: 0/5
  1065 | D:1      | Reached XP level 3. HP: 19/19 MP: 4/6
  1999 | D:1      | Learned a level 3 spell: Stone Arrow
  2080 | D:2      | Reached XP level 4. HP: 24/24 MP: 2/8
  2203 | D:2      | Noticed Jessica
  2211 | D:2      | Killed Jessica
  2212 | D:2      | Reached skill level 1 in Conjurations
  2212 | D:2      | Reached skill level 5 in Earth Magic
  2831 | D:3      | Reached XP level 5. HP: 21/28 MP: 8/10
  2837 | D:3      | Learned a level 5 spell: Lee's Rapid Deconstruction
  3392 | D:3      | Found a runed translucent door.
  3393 | D:3      | Noticed Crazy Yiuf
  3400 | D:3      | Killed Crazy Yiuf
  3633 | D:3      | Noticed Terence
  3683 | D:3      | Reached XP level 6. HP: 29/32 MP: 8/11
  3766 | D:3      | Killed Terence
  4255 | D:4      | Reached skill level 6 in Earth Magic
  4513 | D:4      | Found a sparkling altar of Nemelex Xobeh.
  4939 | D:4      | Noticed a necrophage
  4956 | D:4      | Killed a necrophage
  4957 | D:4      | Reached XP level 7. HP: 29/36 MP: 13/13
  5049 | D:5      | Entered Level 5 of the Dungeon
  5338 | D:5      | Reached skill level 7 in Earth Magic
  5400 | D:5      | Reached skill level 5 in Spellcasting
  5446 | D:5      | Reached XP level 8. HP: 41/41 MP: 8/15
  5494 | D:5      | Reached skill level 5 in Conjurations
  5708 | D:5      | Found a shimmering blue altar of Sif Muna.
  6144 | D:6      | Found a broken altar of Ashenzari.
  6192 | D:6      | Noticed Maggie
  6201 | D:6      | Killed Maggie
  6202 | D:6      | Reached skill level 1 in Fighting
  6202 | D:6      | Reached skill level 1 in Maces & Flails
  6202 | D:6      | Reached skill level 1 in Armour
  6202 | D:6      | Reached skill level 8 in Earth Magic
  6720 | D:6      | Found a staircase to the Ecumenical Temple.
  6731 | Temple   | Entered the Ecumenical Temple
  6790 | Temple   | Became a worshipper of Vehumet
  6860 | D:6      | Reached XP level 9. HP: 31/48 MP: 13/17
  7140 | D:6      | Identified the ring of Huqaer {Will+ EV+4 Str+3}
  7149 | D:6      | Found a shadowy altar of Dithmenos.
  7551 | D:7      | Found a shimmering altar of Xom.
  7811 | D:7      | Noticed Menkaure
  7824 | D:7      | Killed Menkaure
  8520 | D:8      | Reached * piety under Vehumet
  8520 | D:8      | Offered knowledge of Magic Dart by Vehumet.
  8522 | D:8      | Identified the +0 leather armour "Foleluf" {-Tele +Inv
                  | rCorr Int+3}
  8604 | D:9      | Reached skill level 9 in Earth Magic
  8604 | D:9      | Reached XP level 10. HP: 55/56 MP: 3/19
  8882 | D:9      | Noticed a two-headed ogre
  8891 | D:9      | Killed a two-headed ogre
  9050 | D:9      | Noticed a cyclops
  9052 | D:9      | Hit by a large rock thrown by a cyclops

Illustrated notes

Levels and vault maps discovered:
D:1:      dpeg_arrival_oval, layout_basic, minmay_misc_feat_chi,
          kennysheep_boxes
D:2:      minmay_diamond_boxcup, layout_rooms, uniq_jessica
D:3:      layout_basic, uniq_crazy_yiuf_cottage, uniq_terence
D:4:      layout_rooms, old_standard_altar
D:5:      layout_rooms, led_sif_book, st_stairs_11, kennysheep_another_room,
          nrook_campfire, minmay_liquid_box, minmay_circle_x
D:6:      layout_loops_ring, nicolae_dithmenos_shadow_blocks,
          evilmike_ruin_ashenzari, temple_statues, grunt_ministairs_3,
          uniq_maggie
D:7:      layout_loops_ring, kennysheep_mini_moat, uniq_menkaure
D:8:      layout_cave_pools, grunt_ministairs_7
D:9:      minmay_chambers_of_sevens, layout_gridville,
          due_lair_maze_entry_diamond
Temple:   nicolae_temple_elliptical

Skill      XL: |  1  2  3  4  5  6  7  8  9 10 |
---------------+-------------------------------+-----
Earth Magic    | 4 5 6 7 8 9 |  9.5
Spellcasting   | 3 4 5 6 7 |  7.0
Conjurations   | 1 2 3 4 5 6 7 |  7.4
Fighting       | 2 3 4 |  4.6
Maces & Flails | 1 3 4 |  4.3
Armour         | 2 3 4 |  4.7
Dodging        | 2 3 4 |  4.0
Stealth        | |  2.1
Transmutations | |  0.7

Action                   |  1- 3 |  4- 6 |  7- 9 | 10-12 || total
-------------------------+-------+-------+-------+-------++-------
Melee: Dagger            |    23 |    88 |   194 |    51 ||   356
       Mace              |    40 |    51 |       |       ||    91
 Cast: Sandblast         |    31 |    41 |    18 |       ||    90
       Stone Arrow       |       |     4 |    67 |    25 ||    96
       Lee's Rapid Decon |       |       |    12 |       ||    12
  Use: Scroll            |       |     5 |    10 |       ||    15
       Potion            |       |       |     6 |     2 ||     8
 Stab: Sleeping          |     1 |     4 |       |       ||     5
Armor: Robe              |    31 |    60 |   130 |    41 ||   262
Dodge: Dodged            |    48 |   114 |   181 |    68 ||   411

Table legend: (Time is in decaauts)
 A = Elapsed time spent in this place.
 B = Non-inter-level travel time spent in this place.
 C = Inter-level travel time spent in this place.
 D = Time resting spent in this place.
 E = Time spent auto-exploring this place.
 F = Levels seen in this place.
 G = Mean time per level.
                   A        B        C        D        E       F      G
               +--------+--------+--------+--------+--------+-----+--------+
         Total |   9127 |   8928 |    199 |   2012 |   5322 |  10 |  912.7 |
       Dungeon |   9036 |   8867 |    169 |   2012 |   5278 |   9 | 1004.0 |
        Temple |     90 |     60 |     30 |      0 |     44 |   1 |   90.0 |
               +--------+--------+--------+--------+--------+-----+--------+

Top non-repeatable levels by time:
     D:1: 2063 daAuts
     D:3: 1463 daAuts
     D:6: 1194 daAuts
     D:5: 1047 daAuts
     D:7: 973 daAuts
     D:2: 839 daAuts
     D:4: 750 daAuts
     D:9: 476 daAuts
     D:8: 226 daAuts
  Temple: 90 daAuts
